Kings vs Blue Jackets

Created - December 20, 2019 at 21:43

Goals
1 2 3 T
Kings 1 0 2 3
Blue Jackets 1 3 1 5
Shots
1 2 3 T
Kings 14 6 5 25
Blue Jackets 9 15 6 30

1st period

1. Kings , Matt Martin 6 (Dan Hamhuis 6, Tom Wilson 1) at 4:26
2. Blue Jackets , Martin Havlat 15 (Derek Boogaard 13, Pavel Datsyuk 19) at 13:05

Penalties :
No Penalty

2nd period

3. Blue Jackets , Pavel Datsyuk 11 (Martin Havlat 17, Mike Lundin 15) at 9:05 (PP)
4. Blue Jackets , Tyler Kennedy 5 (Kevin Porter 2) at 15:02
5. Blue Jackets , Peter Mueller 7 (Ryan Wilson 1) at 18:18

Penalties :
Darnell Nurse (LAK) for Roughing (Minor) at 3:51, Peter Regin (LAK) for Boarding (Minor) at 8:54, Tom Wilson (LAK) for Roughing (Minor) at 10:00, Teuvo Teravainen (LAK) for Unsportsmanlike conduct (Minor) at 12:21, Pavel Datsyuk (Clb) for Goalie Interference (Minor) at 19:07

3rd period

6. Kings , Kris Versteeg 13 (Hampus Lindholm 10, Gabriel Landeskog 12) at 10:08
7. Kings , Kris Versteeg 14 (Anze Kopitar 26, Darnell Nurse 4) at 19:12
8. Blue Jackets , Pavel Datsyuk 12 (Derek Boogaard 14, Mike Lundin 16) at 19:51 (Empty Net)

Penalties :
Darnell Nurse (LAK) for Holding (Minor) at 11:15, Radko Gudas (LAK) for Hooking (Minor) at 16:00

Goalie Stats

Philipp Grubauer (LAK), 25 saves from 29 shots - (0.862), L, 11-8-0, 59:36 minutes
Rick DiPietro (Clb), 22 saves from 25 shots - (0.880), W, 11-3-7, 60:00 minutes

Players Stats for Kings

Player Name              G  A  P  +/- PIM S  H  SB GA TA FO     MP     PP MP  PK MP  
------------------------------------------------------------------------------------
Anze Kopitar             0  1  1   1  0   3  1  0  0  2  14/23  20:43   0:43   4:16 
Brent Burns              0  0  0  -1  0   0  1  3  1  0  0/0    22:18   0:41   4:10 
Dan Hamhuis              0  1  1  -1  0   1  3  1  0  1  0/0    16:43   0:00   1:11 
Darnell Nurse            0  1  1   1  4   1  2  2  2  2  0/0    21:20   0:41   3:45 
Darroll Powe             0  0  0   0  0   1  0  1  0  0  1/2    11:49   0:00   5:34 
Gabriel Landeskog        0  1  1   1  0   5  3  0  1  1  0/0    20:59   1:16   4:02 
Hampus Lindholm          0  1  1  -1  0   1  0  0  0  0  0/0    19:34   1:18   2:20 
Jon Merrill              0  0  0  -1  0   1  0  0  2  0  0/0    20:34   0:00   5:56 
Kris Versteeg            2  0  2   1  0   3  1  0  0  0  1/2    16:51   1:16   0:00 
Matt Martin              1  0  1  -1  0   3  0  1  0  0  0/2    16:15   0:00   0:00 
Matt Stajan              0  0  0  -1  0   0  0  0  0  0  1/2     9:57   0:00   0:18 
Maxim Afinogenov         0  0  0  -1  0   1  1  1  2  0  0/1    10:24   1:18   0:00 
Nathan MacKinnon         0  0  0  -1  0   4  3  0  0  0  13/23  17:31   1:16   0:00 
Peter Regin              0  0  0   0  2   1  1  0  0  0  3/8    11:48   0:00   5:32 
Peter Worrell            0  0  0   0  0   0  0  0  0  0  1/1     7:20   0:00   0:30 
Radko Gudas              0  0  0   1  2   0  0  0  0  0  0/0    18:45   0:00   2:50 
Teuvo Teravainen         0  0  0  -1  2   0  2  0  0  0  0/0     9:57   0:43   0:00 
Tom Wilson               0  1  1  -1  2   0  5  1  0  0  0/0    17:00   0:43   0:00 

Players Stats for Blue Jackets

Player Name              G  A  P  +/- PIM S  H  SB GA TA FO     MP     PP MP  PK MP  
------------------------------------------------------------------------------------
A.J Thelen               0  0  0   1  0   1  0  1  0  0  0/0    11:21   0:00   0:00 
Andreas Nodl             0  0  0  -2  0   0  1  0  0  0  0/1     9:59   0:00   0:00 
Artemi Panarin           0  0  0   0  0   4  2  0  0  0  0/0    20:21   4:29   1:41 
Branislav Mezei          0  0  0  -1  0   2  1  2  1  2  0/0    19:27   4:26   0:55 
Cam Fowler               0  0  0   1  0   2  5  6  0  2  0/0    29:12   5:40   1:04 
Cody Eakin               0  0  0  -2  0   0  0  0  0  1  4/6    10:12   0:00   0:01 
Derek Boogaard           0  2  2   2  0   1  0  0  1  0  6/9    22:57   5:37   1:41 
Devin Setoguchi          0  0  0   0  0   0  0  2  0  1  0/1    18:57   4:29   0:17 
Eric Wellwood            0  0  0   1  0   1  0  0  0  0  0/0     8:07   0:00   0:01 
Kevin Porter             0  1  1   1  0   1  1  0  0  0  1/3     7:54   0:00   0:00 
Martin Havlat            1  1  2   2  0   3  3  0  0  0  0/0    21:33   5:37   0:17 
Max Pacioretty           0  0  0  -2  0   0  0  0  0  0  0/0     9:59   0:00   0:00 
Mike Lundin              0  2  2   1  0   1  3  4  0  1  0/0    29:12   5:40   1:04 
Pavel Datsyuk            2  1  3   2  2   6  2  0  1  0  10/27  21:27   5:37   0:00 
Peter Mueller            1  0  1   0  0   4  1  1  1  0  9/17   18:40   4:29   0:00 
Rob Scuderi              0  0  0  -1  0   0  0  1  0  1  0/0    19:27   4:26   0:55 
Ryan Wilson              0  1  1   1  0   1  1  2  1  0  0/0    11:21   0:00   0:00 
Tyler Kennedy            1  0  1   1  0   3  1  0  1  0  0/0     7:54   0:00   0:00 

3 Stars

1 - Pavel Datsyuk (Clb)
2 - Martin Havlat (Clb)
3 - Kris Versteeg (LAK)

Power Play

Kings - 0 on 1 Attempt(s) - 0.00%
Blue Jackets - 1 on 6 Attempt(s) - 16.67%

Penalty Kill

Kings - 5 on 6 Attempt(s) - 83.33% - Score 0 goal in Penalty Kill
Blue Jackets - 1 on 1 Attempt(s) - 100.00% - Score 0 goal in Penalty Kill

Team Stat

Kings - Hits : 23 - Faceoff Wins : 34 - Blocked Shots : 10 - Penalty Minutes : 12
Blue Jackets - Hits : 21 - Faceoff Wins : 30 - Blocked Shots : 19 - Penalty Minutes : 2

Official

Referees : Unknown
Linesman : Unknown

Game Notes

Pavel Datsyuk has scored in a empty net!

Finance

Level 1 -- Attendance: 4310 (71.83%) -- Ticket Income $495,650
Level 2 -- Attendance: 3890 (77.80%) -- Ticket Income $291,750
Level 3 -- Attendance: 1552 (77.60%) -- Ticket Income $69,840
Level 4 -- Attendance: 4000 (100.00%) -- Ticket Income $120,000
Luxury Box -- Attendance: 700 (70.00%) -- Ticket Income $150,500
Game was played at the Ohio State Arena.
Total Attendance: 14452 (80.29%)
Total Ticket Income: $1,127,740
Other Income: $169,161
Total Income: $1,296,901

Kings

5 vs 5 Forward 
   Center                   Left Wing                Right Wing               Time % Phy DF OF 
 1 Anze Kopitar             Gabriel Landeskog        Kris Versteeg            40     1   1  3  
 2 Nathan MacKinnon         Matt Martin              Tom Wilson               40     1   2  2  
 3 Matt Stajan              Teuvo Teravainen         Maxim Afinogenov         15     1   1  3  
 4 Peter Regin              Peter Worrell            Darroll Powe             5      3   2  0  

5 vs 5 Defense 
   Defense                  Defense                                           Time % Phy DF OF 
 1 Hampus Lindholm          Radko Gudas                                       35     1   3  1  
 2 Brent Burns              Darnell Nurse                                     35     1   3  1  
 3 Dan Hamhuis              Jon Merrill                                       30     1   3  1  
 4 Darnell Nurse            Radko Gudas                                       0      1   2  2  

PowerPlay Forward 
   Center                   Left Wing                Right Wing               Time % Phy DF OF 
 1 Nathan MacKinnon         Gabriel Landeskog        Kris Versteeg            60     0   1  4  
 2 Anze Kopitar             Teuvo Teravainen         Tom Wilson               40     0   1  4  

PowerPlay Defense
   Defense                  Defense                                           Time % Phy DF OF 
 1 Hampus Lindholm          Maxim Afinogenov                                  60     0   2  3  
 2 Darnell Nurse            Brent Burns                                       40     0   2  3  

Penalty Kill 4 Players Forward 
   Center                   Wing                     Time % Phy DF OF 
 1 Peter Regin              Darroll Powe             60     1   3  1  
 2 Anze Kopitar             Gabriel Landeskog        40     1   3  1  

Penalty Kill 4 Players Defense
   Defense                  Defense                  Time % Phy DF OF 
 1 Darnell Nurse            Jon Merrill              60     1   4  0  
 2 Radko Gudas              Brent Burns              40     1   4  0  

Penalty Kill - 3 Players Forward 
   Forward                                           Time % Phy DF OF 
 1 Kris Versteeg                                     60     1   3  1  
 2 Anze Kopitar                                      40     1   3  1  

Penalty Kill - 3 Players Defense
   Defense                  Defense                  Time % Phy DF OF 
 1 Jon Merrill              Darnell Nurse            60     1   4  0  
 2 Brent Burns              Radko Gudas              40     1   4  0  

4 vs 4 Forward 
   Center                   Wing                     Time % Phy DF OF 
 1 Anze Kopitar             Kris Versteeg            60     1   2  2  
 2 Nathan MacKinnon         Tom Wilson               40     1   1  3  

4 vs 4 Defense
   Defense                  Defense                  Time % Phy DF OF 
 1 Brent Burns              Radko Gudas              60     1   2  2  
 2 Hampus Lindholm          Jon Merrill              40     1   2  2  

Last Minutes Offensive
   Center                   Left Wing                Right Wing               Defense                  Defense                  
   Anze Kopitar             Gabriel Landeskog        Kris Versteeg            Hampus Lindholm          Brent Burns              

Last Minutes Defensive
   Center                   Left Wing                Right Wing               Defense                  Defense                  
   Anze Kopitar             Gabriel Landeskog        Kris Versteeg            Jon Merrill              Radko Gudas              

Goaltenders
Starting : Philipp Grubauer         
Backup : Antti Niemi              

Extra Forwards
Normal : Anze Kopitar, Matt Stajan, Nathan MacKinnon - PP : Maxim Afinogenov, Matt Martin - PK : Peter Regin
Extra Defensemen
Normal : Hampus Lindholm, Brent Burns, Radko Gudas - PP : Jon Merrill - PK : Hampus Lindholm, Dan Hamhuis
Penalty Shots
Teuvo Teravainen, Anze Kopitar, Kris Versteeg, Peter Regin, Matt Martin

Scratches
Claude Giroux (Healthy), Jesper Fast (Bruised Right Foot Injury)

Blue Jackets

5 vs 5 Forward 
   Center                   Left Wing                Right Wing               Time % Phy DF OF 
 1 Pavel Datsyuk            Derek Boogaard           Martin Havlat            40     1   2  2  
 2 Peter Mueller            Artemi Panarin           Devin Setoguchi          30     1   2  2  
 3 Cody Eakin               Max Pacioretty           Andreas Nodl             20     1   2  2  
 4 Kevin Porter             Eric Wellwood            Tyler Kennedy            10     1   2  2  

5 vs 5 Defense 
   Defense                  Defense                                           Time % Phy DF OF 
 1 Mike Lundin              Cam Fowler                                        40     1   2  2  
 2 Branislav Mezei          Rob Scuderi                                       30     1   2  2  
 3 A.J Thelen               Ryan Wilson                                       20     1   2  2  
 4 Mike Lundin              Cam Fowler                                        10     1   2  2  

PowerPlay Forward 
   Center                   Left Wing                Right Wing               Time % Phy DF OF 
 1 Pavel Datsyuk            Derek Boogaard           Martin Havlat            60     1   2  2  
 2 Peter Mueller            Artemi Panarin           Devin Setoguchi          40     1   2  2  

PowerPlay Defense
   Defense                  Defense                                           Time % Phy DF OF 
 1 Mike Lundin              Cam Fowler                                        60     1   2  2  
 2 Branislav Mezei          Rob Scuderi                                       40     1   2  2  

Penalty Kill 4 Players Forward 
   Center                   Wing                     Time % Phy DF OF 
 1 Derek Boogaard           Artemi Panarin           60     1   2  2  
 2 Martin Havlat            Devin Setoguchi          40     1   2  2  

Penalty Kill 4 Players Defense
   Defense                  Defense                  Time % Phy DF OF 
 1 Mike Lundin              Cam Fowler               60     1   2  2  
 2 Branislav Mezei          Rob Scuderi              40     1   2  2  

Penalty Kill - 3 Players Forward 
   Forward                                           Time % Phy DF OF 
 1 Derek Boogaard                                    60     1   2  2  
 2 Artemi Panarin                                    40     1   2  2  

Penalty Kill - 3 Players Defense
   Defense                  Defense                  Time % Phy DF OF 
 1 Mike Lundin              Cam Fowler               60     1   2  2  
 2 Branislav Mezei          Rob Scuderi              40     1   2  2  

4 vs 4 Forward 
   Center                   Wing                     Time % Phy DF OF 
 1 Derek Boogaard           Artemi Panarin           60     1   2  2  
 2 Martin Havlat            Devin Setoguchi          40     1   2  2  

4 vs 4 Defense
   Defense                  Defense                  Time % Phy DF OF 
 1 Mike Lundin              Cam Fowler               60     1   2  2  
 2 Branislav Mezei          Rob Scuderi              40     1   2  2  

Last Minutes Offensive
   Center                   Left Wing                Right Wing               Defense                  Defense                  
   Pavel Datsyuk            Derek Boogaard           Martin Havlat            Mike Lundin              Cam Fowler               

Last Minutes Defensive
   Center                   Left Wing                Right Wing               Defense                  Defense                  
   Pavel Datsyuk            Derek Boogaard           Martin Havlat            Mike Lundin              Cam Fowler               

Goaltenders
Starting : Rick DiPietro            
Backup : Andrei Vasilevskiy       

Extra Forwards
Normal : Max Pacioretty, Andreas Nodl, Cody Eakin - PP : Max Pacioretty, Andreas Nodl - PK : Cody Eakin
Extra Defensemen
Normal : A.J Thelen, Ryan Wilson, Branislav Mezei - PP : A.J Thelen - PK : Ryan Wilson, Branislav Mezei
Penalty Shots
Derek Boogaard, Artemi Panarin, Martin Havlat, Devin Setoguchi, Max Pacioretty

Scratches
Mike Comrie (Broken Bone (Left Arm) Injury)

% Time on Ice - Kings

Lines # - Real PCT - Wanted PCT - Time Play
Normal Forward
1 - 33% - 40% - 15:37
2 - 34% - 40% - 16:18
3 - 19% - 15% - 9:06
4 - 13% - 5% - 6:15
Normal Defense
1 - 33% - 35% - 15:48
2 - 34% - 35% - 15:52
3 - 31% - 30% - 14:38
4 - 2% - 0% - 0:58
PP Forward
1 - 64% - 60% - 1:16
2 - 36% - 40% - 0:43
PP Defense
1 - 66% - 60% - 1:18
2 - 34% - 40% - 0:41
PK Forward
1 - 78% - 60% - 7:54
2 - 22% - 40% - 2:12
PK Defense
1 - 64% - 60% - 6:27
2 - 36% - 40% - 3:39
PK3 Forward
1 - 0% - 60%
2 - 0% - 40%
PK3 Defense
1 - 0% - 60%
2 - 0% - 40%
44 Forward
1 - 0% - 60%
2 - 0% - 40%
44 Defense
1 - 0% - 60%
2 - 0% - 40%
Last Minute Offensive  - 0:39
Last Minute Defensive  - 0:00
Total
Forward - 60:00
Defense - 60:00

% Time on Ice - Blue Jackets

Lines # - Real PCT - Wanted PCT - Time Play
Normal Forward
1 - 32% - 40% - 15:12
2 - 30% - 30% - 14:11
3 - 21% - 20% - 9:59
4 - 17% - 10% - 7:54
Normal Defense
1 - 40% - 40% - 19:02
2 - 30% - 30% - 14:06
3 - 24% - 20% - 11:21
4 - 6% - 10% - 2:47
PP Forward
1 - 56% - 60% - 5:37
2 - 44% - 40% - 4:29
PP Defense
1 - 56% - 60% - 5:40
2 - 44% - 40% - 4:26
PK Forward
1 - 86% - 60% - 1:42
2 - 14% - 40% - 0:17
PK Defense
1 - 54% - 60% - 1:04
2 - 46% - 40% - 0:55
PK3 Forward
1 - 0% - 60%
2 - 0% - 40%
PK3 Defense
1 - 0% - 60%
2 - 0% - 40%
44 Forward
1 - 0% - 60%
2 - 0% - 40%
44 Defense
1 - 0% - 60%
2 - 0% - 40%
Last Minute Offensive  - 0:00
Last Minute Defensive  - 0:39
Total
Forward - 60:00
Defense - 60:00

Play-by-Play

1st period


0:01 of 1st period - Anze Kopitar wins face-off versus Pavel Datsyuk in neutral zone.
0:16 of 1st period - Wrist shot by Gabriel Landeskog.
0:16 of 1st period - Shot Misses the Net.
0:26 of 1st period - Matt Martin is hit by Artemi Panarin and loses puck.
0:59 of 1st period - Snap shot by Cody Eakin.
0:59 of 1st period - Shot Misses the Net.
1:39 of 1st period - Snap shot by Anze Kopitar.
1:39 of 1st period - Shot Misses the Net.
3:12 of 1st period - Icing by Mike Lundin.
3:13 of 1st period - Peter Regin wins face-off versus Kevin Porter in Blue Jackets zone.
3:16 of 1st period - Wrist shot by Darroll Powe.
3:16 of 1st period - Stopped by Rick DiPietro with a rebound.
3:43 of 1st period - Backhand shot by Tyler Kennedy.
3:43 of 1st period - Deflect By Eric Wellwood.
3:43 of 1st period - Shot Misses the Net.
3:43 of 1st period - Puck is out of play.
3:44 of 1st period - Peter Mueller wins face-off versus Matt Martin in Kings zone.
3:45 of 1st period - Wrist shot by Artemi Panarin.
3:45 of 1st period - Deflect By Brent Burns.
3:45 of 1st period - Shot Blocked by Brent Burns.
3:45 of 1st period - Puck is out of play.
3:46 of 1st period - Peter Mueller wins face-off versus Nathan MacKinnon in Kings zone.
3:53 of 1st period - Slapshot by Devin Setoguchi.
3:53 of 1st period - Shot Blocked by Matt Martin.
3:55 of 1st period - Backhand shot by Branislav Mezei.
3:55 of 1st period - Stopped by Philipp Grubauer without a rebound.
3:56 of 1st period - Derek Boogaard wins face-off versus Anze Kopitar in Kings zone.
4:14 of 1st period - Off-side.
4:15 of 1st period - Nathan MacKinnon wins face-off versus Peter Mueller in neutral zone.
4:22 of 1st period - Wrist shot by Tom Wilson.
4:22 of 1st period - Shot Misses the Net.
4:24 of 1st period - Snap shot by Dan Hamhuis.
4:24 of 1st period - Stopped by Rick DiPietro with a rebound.
4:26 of 1st period - Slapshot by Matt Martin.
4:26 of 1st period - Goal by Matt Martin - Kings : 1 - Blue Jackets : 0.
4:27 of 1st period - Pavel Datsyuk wins face-off versus Anze Kopitar in neutral zone.
4:38 of 1st period - Snap shot by Derek Boogaard.
4:38 of 1st period - Stopped by Philipp Grubauer with a rebound.
4:46 of 1st period - Radko Gudas is hit by Pavel Datsyuk.
5:24 of 1st period - Wrist shot by Artemi Panarin.
5:24 of 1st period - Stopped by Philipp Grubauer with a rebound.
5:26 of 1st period - Snap shot by Artemi Panarin.
5:26 of 1st period - Shot Blocked by Darroll Powe.
5:40 of 1st period - Snap shot by Radko Gudas.
5:40 of 1st period - Shot Blocked by Branislav Mezei.
5:42 of 1st period - Slapshot by Hampus Lindholm.
5:42 of 1st period - Shot Blocked by Rob Scuderi.
5:44 of 1st period - Slapshot by Hampus Lindholm.
5:44 of 1st period - Shot Misses the Net.
6:02 of 1st period - Darnell Nurse is hit by Martin Havlat and loses puck.
6:09 of 1st period - Snap shot by Pavel Datsyuk.
6:09 of 1st period - Shot Misses the Net.
6:11 of 1st period - Slapshot by Rob Scuderi.
6:11 of 1st period - Deflect By Pavel Datsyuk.
6:11 of 1st period - Stopped by Philipp Grubauer without a rebound.
6:12 of 1st period - Peter Mueller wins face-off versus Nathan MacKinnon in Kings zone.
6:13 of 1st period - Backhand shot by Artemi Panarin.
6:13 of 1st period - Shot Misses the Net.
6:21 of 1st period - Wrist shot by Matt Martin.
6:21 of 1st period - Shot Blocked by Devin Setoguchi.
6:23 of 1st period - Slapshot by Nathan MacKinnon.
6:23 of 1st period - Shot Misses the Net.
6:25 of 1st period - Snap shot by Matt Martin.
6:25 of 1st period - Stopped by Rick DiPietro with a rebound.
6:27 of 1st period - Slapshot by Nathan MacKinnon.
6:27 of 1st period - Stopped by Rick DiPietro without a rebound.
6:28 of 1st period - Pavel Datsyuk wins face-off versus Anze Kopitar in Blue Jackets zone.
7:34 of 1st period - Rob Scuderi is hit by Teuvo Teravainen and loses puck.
7:51 of 1st period - Backhand shot by Anze Kopitar.
7:51 of 1st period - Stopped by Rick DiPietro without a rebound.
7:52 of 1st period - Anze Kopitar wins face-off versus Kevin Porter in Blue Jackets zone.
8:45 of 1st period - Snap shot by Artemi Panarin.
8:45 of 1st period - Stopped by Philipp Grubauer without a rebound.
8:46 of 1st period - Kris Versteeg wins face-off versus Peter Mueller in Kings zone.
9:01 of 1st period - Slapshot by Gabriel Landeskog.
9:01 of 1st period - Shot Blocked by Cam Fowler.
9:11 of 1st period - Snap shot by Artemi Panarin.
9:11 of 1st period - Deflect By Peter Mueller.
9:11 of 1st period - Stopped by Philipp Grubauer with a rebound.
10:13 of 1st period - Peter Regin is hit by Tyler Kennedy and loses puck.
10:52 of 1st period - Radko Gudas is hit by Andreas Nodl and loses puck.
11:17 of 1st period - Snap shot by Gabriel Landeskog.
11:17 of 1st period - Stopped by Rick DiPietro without a rebound.
11:18 of 1st period - Pavel Datsyuk wins face-off versus Matt Martin in Blue Jackets zone.
11:23 of 1st period - Mike Lundin is hit by Dan Hamhuis and loses puck.
11:50 of 1st period - Wrist shot by Anze Kopitar.
11:50 of 1st period - Shot Blocked by Cam Fowler.
12:12 of 1st period - Slapshot by Peter Mueller.
12:12 of 1st period - Stopped by Philipp Grubauer with a rebound.
12:33 of 1st period - Wrist shot by Peter Regin.
12:33 of 1st period - Stopped by Rick DiPietro with a rebound.
12:35 of 1st period - Backhand shot by Darroll Powe.
12:35 of 1st period - Shot Misses the Net.
12:49 of 1st period - Snap shot by Nathan MacKinnon.
12:49 of 1st period - Stopped by Rick DiPietro without a rebound.
12:50 of 1st period - Nathan MacKinnon wins face-off versus Pavel Datsyuk in Blue Jackets zone.
12:53 of 1st period - Snap shot by Nathan MacKinnon.
12:53 of 1st period - Stopped by Rick DiPietro without a rebound.
12:54 of 1st period - Pavel Datsyuk wins face-off versus Nathan MacKinnon in Blue Jackets zone.
13:05 of 1st period - Snap shot by Derek Boogaard.
13:05 of 1st period - Deflect By Martin Havlat.
13:05 of 1st period - Goal by Martin Havlat - Kings : 1 - Blue Jackets : 1.
13:06 of 1st period - Anze Kopitar wins face-off versus Derek Boogaard in neutral zone.
13:23 of 1st period - Kris Versteeg is hit by Mike Lundin and loses puck.
13:30 of 1st period - Kris Versteeg is hit by Mike Lundin and loses puck.
13:43 of 1st period - Snap shot by Pavel Datsyuk.
13:43 of 1st period - Shot Misses the Net.
14:17 of 1st period - Snap shot by Gabriel Landeskog.
14:17 of 1st period - Stopped by Rick DiPietro without a rebound.
14:18 of 1st period - Nathan MacKinnon wins face-off versus Peter Mueller in Blue Jackets zone.
14:19 of 1st period - Slapshot by Matt Martin.
14:19 of 1st period - Stopped by Rick DiPietro without a rebound.
14:20 of 1st period - Peter Mueller wins face-off versus Nathan MacKinnon in Blue Jackets zone.
14:20 of 1st period - Peter Mueller is hit by Tom Wilson.
15:12 of 1st period - Snap shot by Tyler Kennedy.
15:12 of 1st period - Stopped by Philipp Grubauer with a rebound.
15:26 of 1st period - Devin Setoguchi is hit by Tom Wilson and loses puck.
15:50 of 1st period - Snap shot by Teuvo Teravainen.
15:50 of 1st period - Shot Misses the Net.
15:52 of 1st period - Wrist shot by Maxim Afinogenov.
15:52 of 1st period - Stopped by Rick DiPietro without a rebound.
15:53 of 1st period - Pavel Datsyuk wins face-off versus Anze Kopitar in Blue Jackets zone.
16:03 of 1st period - Off-side.
16:04 of 1st period - Nathan MacKinnon wins face-off versus Pavel Datsyuk in neutral zone.
16:29 of 1st period - Gabriel Landeskog is hit by Cam Fowler and loses puck.
16:38 of 1st period - Wrist shot by Devin Setoguchi.
16:38 of 1st period - Shot Misses the Net.
17:43 of 1st period - Slapshot by Matt Martin.
17:43 of 1st period - Shot Blocked by Cam Fowler.
18:14 of 1st period - Dan Hamhuis is hit by Cam Fowler and loses puck.
18:35 of 1st period - Devin Setoguchi is hit by Dan Hamhuis.
18:55 of 1st period - Slapshot by Anze Kopitar.
18:55 of 1st period - Shot Blocked by Mike Lundin.
18:59 of 1st period - Snap shot by Gabriel Landeskog.
18:59 of 1st period - Shot Blocked by Devin Setoguchi.
19:23 of 1st period - Slapshot by Gabriel Landeskog.
19:23 of 1st period - Stopped by Rick DiPietro with a rebound.
19:25 of 1st period - Slapshot by Anze Kopitar.
19:25 of 1st period - Shot Blocked by Cam Fowler.
19:39 of 1st period - Peter Mueller is hit by Dan Hamhuis and loses puck.
19:44 of 1st period - Wrist shot by Anze Kopitar.
19:44 of 1st period - Shot Blocked by Mike Lundin.
19:46 of 1st period - Slapshot by Jon Merrill.
19:46 of 1st period - Shot Blocked by Cam Fowler.
19:56 of 1st period - Slapshot by Gabriel Landeskog.
19:56 of 1st period - Shot Misses the Net.
Goals for this period are 1 for Kings vs 1 for Blue Jackets.
Shots for this period are 14 for Kings vs 9 for Blue Jackets.

2nd period


0:01 of 2nd period - Pavel Datsyuk wins face-off versus Nathan MacKinnon in neutral zone.
0:08 of 2nd period - Snap shot by Martin Havlat.
0:08 of 2nd period - Stopped by Philipp Grubauer with a rebound.
0:16 of 2nd period - Slapshot by Brent Burns.
0:16 of 2nd period - Deflect By Matt Martin.
0:16 of 2nd period - Shot Blocked by Ryan Wilson.
0:16 of 2nd period - Puck is out of play.
0:17 of 2nd period - Cody Eakin wins face-off versus Kris Versteeg in Blue Jackets zone.
0:17 of 2nd period - Cody Eakin is hit by Darnell Nurse.
0:27 of 2nd period - Wrist shot by Gabriel Landeskog.
0:27 of 2nd period - Stopped by Rick DiPietro with a rebound.
1:30 of 2nd period - Snap shot by Artemi Panarin.
1:30 of 2nd period - Shot Misses the Net.
1:32 of 2nd period - Wrist shot by Artemi Panarin.
1:32 of 2nd period - Stopped by Philipp Grubauer without a rebound.
1:33 of 2nd period - Nathan MacKinnon wins face-off versus Peter Mueller in Kings zone.
1:48 of 2nd period - Wrist shot by Matt Martin.
1:48 of 2nd period - Shot Blocked by Ryan Wilson.
1:58 of 2nd period - Kris Versteeg is hit by Martin Havlat and loses puck.
2:48 of 2nd period - Snap shot by Eric Wellwood.
2:48 of 2nd period - Shot Misses the Net.
2:50 of 2nd period - Snap shot by Kevin Porter.
2:50 of 2nd period - Stopped by Philipp Grubauer with a rebound.
2:52 of 2nd period - Slapshot by Branislav Mezei.
2:52 of 2nd period - Stopped by Philipp Grubauer with a rebound.
3:12 of 2nd period - Wrist shot by Dan Hamhuis.
3:12 of 2nd period - Deflect By Peter Worrell.
3:12 of 2nd period - Shot Blocked by Peter Mueller.
3:12 of 2nd period - Puck is out of play.
3:13 of 2nd period - Peter Worrell wins face-off versus Pavel Datsyuk in Blue Jackets zone.
3:24 of 2nd period - Wrist shot by Peter Regin.
3:24 of 2nd period - Deflect By Darroll Powe.
3:24 of 2nd period - Shot Misses the Net.
3:24 of 2nd period - Puck is out of play.
3:25 of 2nd period - Nathan MacKinnon wins face-off versus Pavel Datsyuk in Blue Jackets zone.
3:51 of 2nd period - Minor Penalty to Darnell Nurse for Roughing.
3:52 of 2nd period - Darroll Powe wins face-off versus Pavel Datsyuk in Kings zone.
4:28 of 2nd period - Brent Burns is hit by Mike Lundin.
5:24 of 2nd period - Mike Lundin is hit by Peter Regin and loses puck.
5:51 of 2nd period - Penalty to Darnell Nurse is over, Darnell Nurse is back on ice.
7:14 of 2nd period - Icing by Matt Stajan.
7:15 of 2nd period - Matt Stajan wins face-off versus Cody Eakin in Kings zone.
7:26 of 2nd period - Slapshot by Tyler Kennedy.
7:26 of 2nd period - Stopped by Philipp Grubauer with a rebound.
7:28 of 2nd period - Slapshot by Mike Lundin.
7:28 of 2nd period - Stopped by Philipp Grubauer without a rebound.
7:29 of 2nd period - Nathan MacKinnon wins face-off versus Pavel Datsyuk in Kings zone.
7:44 of 2nd period - Wrist shot by Pavel Datsyuk.
7:44 of 2nd period - Stopped by Philipp Grubauer with a rebound.
7:54 of 2nd period - Max Pacioretty is hit by Anze Kopitar and loses puck.
8:03 of 2nd period - Slapshot by Max Pacioretty.
8:03 of 2nd period - Shot Blocked by Dan Hamhuis.
8:39 of 2nd period - Snap shot by Darroll Powe.
8:39 of 2nd period - Shot Misses the Net.
8:41 of 2nd period - Slapshot by Dan Hamhuis.
8:41 of 2nd period - Deflect By Peter Regin.
8:41 of 2nd period - Shot Blocked by Branislav Mezei.
8:41 of 2nd period - Puck is out of play.
8:42 of 2nd period - Peter Regin wins face-off versus Pavel Datsyuk in Blue Jackets zone.
8:54 of 2nd period - Minor Penalty to Peter Regin for Boarding.
8:55 of 2nd period - Anze Kopitar wins face-off versus Pavel Datsyuk in Kings zone.
9:03 of 2nd period - Snap shot by Martin Havlat.
9:03 of 2nd period - Shot Misses the Net.
9:05 of 2nd period - Snap shot by Pavel Datsyuk.
9:05 of 2nd period - Goal by Pavel Datsyuk - Kings : 1 - Blue Jackets : 2.
9:06 of 2nd period - Nathan MacKinnon wins face-off versus Pavel Datsyuk in neutral zone.
9:20 of 2nd period - Snap shot by Tom Wilson.
9:20 of 2nd period - Deflect By Nathan MacKinnon.
9:20 of 2nd period - Shot Blocked by Mike Lundin.
9:20 of 2nd period - Puck is out of play.
9:21 of 2nd period - Anze Kopitar wins face-off versus Cody Eakin in Blue Jackets zone.
9:32 of 2nd period - Snap shot by Gabriel Landeskog.
9:32 of 2nd period - Shot Blocked by Cam Fowler.
9:48 of 2nd period - Martin Havlat is hit by Brent Burns.
9:56 of 2nd period - Slapshot by Cam Fowler.
9:56 of 2nd period - Stopped by Philipp Grubauer without a rebound.
9:57 of 2nd period - Nathan MacKinnon wins face-off versus Peter Mueller in Kings zone.
9:57 of 2nd period - Nathan MacKinnon is hit by Peter Mueller.
10:00 of 2nd period - Minor Penalty to Tom Wilson for Roughing.
10:01 of 2nd period - Pavel Datsyuk wins face-off versus Darroll Powe in Kings zone.
10:25 of 2nd period - Peter Regin is hit by Pavel Datsyuk and loses puck.
10:32 of 2nd period - Wrist shot by Martin Havlat.
10:32 of 2nd period - Stopped by Philipp Grubauer without a rebound.
10:33 of 2nd period - Peter Mueller wins face-off versus Peter Regin in Kings zone.
10:36 of 2nd period - Slapshot by Artemi Panarin.
10:36 of 2nd period - Shot Misses the Net.
10:48 of 2nd period - Wrist shot by Peter Mueller.
10:48 of 2nd period - Shot Blocked by Brent Burns.
10:50 of 2nd period - Slapshot by Branislav Mezei.
10:50 of 2nd period - Deflect By Peter Mueller.
10:50 of 2nd period - Shot Misses the Net.
10:50 of 2nd period - Puck is out of play.
10:51 of 2nd period - Derek Boogaard wins face-off versus Anze Kopitar in Kings zone.
10:52 of 2nd period - Wrist shot by Martin Havlat.
10:52 of 2nd period - Deflect By Pavel Datsyuk.
10:52 of 2nd period - Stopped by Philipp Grubauer with a rebound.
11:22 of 2nd period - Snap shot by Devin Setoguchi.
11:22 of 2nd period - Shot Misses the Net.
12:00 of 2nd period - Penalty to Tom Wilson is over, Tom Wilson is back on ice.
12:21 of 2nd period - Minor Penalty to Teuvo Teravainen for Unsportsmanlike conduct.
12:22 of 2nd period - Derek Boogaard wins face-off versus Peter Regin in Kings zone.
12:33 of 2nd period - Off-side.
12:34 of 2nd period - Peter Regin wins face-off versus Pavel Datsyuk in neutral zone.
12:49 of 2nd period - Slapshot by Martin Havlat.
12:49 of 2nd period - Shot Blocked by Darnell Nurse.
12:59 of 2nd period - Mike Lundin is hit by Gabriel Landeskog and loses puck.
13:08 of 2nd period - Jon Merrill is hit by Cam Fowler and loses puck.
13:55 of 2nd period - Peter Mueller is hit by Gabriel Landeskog and loses puck.
14:21 of 2nd period - Penalty to Teuvo Teravainen is over, Teuvo Teravainen is back on ice.
14:41 of 2nd period - Branislav Mezei is hit by Tom Wilson.
15:00 of 2nd period - Icing by Radko Gudas.
15:01 of 2nd period - Kevin Porter wins face-off versus Maxim Afinogenov in Kings zone.
15:02 of 2nd period - Wrist shot by Tyler Kennedy.
15:02 of 2nd period - Goal by Tyler Kennedy - Kings : 1 - Blue Jackets : 3.
15:03 of 2nd period - Nathan MacKinnon wins face-off versus Pavel Datsyuk in neutral zone.
15:10 of 2nd period - Cam Fowler is hit by Nathan MacKinnon and loses puck.
15:29 of 2nd period - Martin Havlat is hit by Teuvo Teravainen and loses puck.
15:34 of 2nd period - Snap shot by Maxim Afinogenov.
15:34 of 2nd period - Shot Blocked by Mike Lundin.
15:36 of 2nd period - Slapshot by Hampus Lindholm.
15:36 of 2nd period - Deflect By Teuvo Teravainen.
15:36 of 2nd period - Shot Misses the Net.
15:36 of 2nd period - Puck is out of play.
15:37 of 2nd period - Peter Mueller wins face-off versus Anze Kopitar in Blue Jackets zone.
16:49 of 2nd period - Peter Regin is hit by Martin Havlat and loses puck.
17:05 of 2nd period - Slapshot by Jon Merrill.
17:05 of 2nd period - Stopped by Rick DiPietro without a rebound.
17:06 of 2nd period - Nathan MacKinnon wins face-off versus Peter Mueller in Blue Jackets zone.
17:21 of 2nd period - Slapshot by Mike Lundin.
17:21 of 2nd period - Shot Blocked by Tom Wilson.
17:41 of 2nd period - Martin Havlat is hit by Darnell Nurse and loses puck.
18:08 of 2nd period - Wrist shot by Derek Boogaard.
18:08 of 2nd period - Deflect By Martin Havlat.
18:08 of 2nd period - Shot Misses the Net.
18:08 of 2nd period - Puck is out of play.
18:09 of 2nd period - Peter Mueller wins face-off versus Nathan MacKinnon in Kings zone.
18:18 of 2nd period - Snap shot by Peter Mueller.
18:18 of 2nd period - Goal by Peter Mueller - Kings : 1 - Blue Jackets : 4.
18:19 of 2nd period - Nathan MacKinnon wins face-off versus Pavel Datsyuk in neutral zone.
18:26 of 2nd period - Tom Wilson is hit by Cam Fowler and loses puck.
18:31 of 2nd period - Snap shot by Pavel Datsyuk.
18:31 of 2nd period - Stopped by Philipp Grubauer with a rebound.
18:33 of 2nd period - Wrist shot by Pavel Datsyuk.
18:33 of 2nd period - Shot Blocked by Brent Burns.
18:35 of 2nd period - Slapshot by Cam Fowler.
18:35 of 2nd period - Stopped by Philipp Grubauer without a rebound.
18:36 of 2nd period - Anze Kopitar wins face-off versus Peter Mueller in Kings zone.
18:49 of 2nd period - Wrist shot by Gabriel Landeskog.
18:49 of 2nd period - Stopped by Rick DiPietro without a rebound.
18:50 of 2nd period - Nathan MacKinnon wins face-off versus Pavel Datsyuk in Blue Jackets zone.
19:05 of 2nd period - Snap shot by Matt Martin.
19:05 of 2nd period - Deflect By Nathan MacKinnon.
19:05 of 2nd period - Stopped by Rick DiPietro with a rebound.
19:07 of 2nd period - Minor Penalty to Pavel Datsyuk for Goalie Interference.
19:08 of 2nd period - Derek Boogaard wins face-off versus Nathan MacKinnon in Blue Jackets zone.
19:44 of 2nd period - Wrist shot by Anze Kopitar.
19:44 of 2nd period - Stopped by Rick DiPietro without a rebound.
19:45 of 2nd period - Anze Kopitar wins face-off versus Derek Boogaard in Blue Jackets zone.
19:52 of 2nd period - Snap shot by Anze Kopitar.
19:52 of 2nd period - Stopped by Rick DiPietro without a rebound.
19:53 of 2nd period - Derek Boogaard wins face-off versus Nathan MacKinnon in Blue Jackets zone.
Goals for this period are 0 for Kings vs 3 for Blue Jackets.
Shots for this period are 6 for Kings vs 15 for Blue Jackets.

3rd period


0:01 of 3rd period - Derek Boogaard wins face-off versus Nathan MacKinnon in neutral zone.
0:57 of 3rd period - Artemi Panarin is hit by Kris Versteeg and loses puck.
1:07 of 3rd period - Penalty to Pavel Datsyuk is over, Pavel Datsyuk is back on ice.
1:18 of 3rd period - Slapshot by Darnell Nurse.
1:18 of 3rd period - Stopped by Rick DiPietro without a rebound.
1:19 of 3rd period - Cody Eakin wins face-off versus Peter Regin in Blue Jackets zone.
1:26 of 3rd period - Slapshot by Max Pacioretty.
1:26 of 3rd period - Shot Misses the Net.
1:33 of 3rd period - Jon Merrill is hit by Ryan Wilson.
2:24 of 3rd period - Mike Lundin is hit by Tom Wilson.
2:28 of 3rd period - Mike Lundin is hit by Tom Wilson and loses puck.
3:15 of 3rd period - Derek Boogaard is hit by Nathan MacKinnon and loses puck.
3:26 of 3rd period - Slapshot by Cam Fowler.
3:26 of 3rd period - Deflect By Martin Havlat.
3:26 of 3rd period - Shot Misses the Net.
3:26 of 3rd period - Puck is out of play.
3:27 of 3rd period - Anze Kopitar wins face-off versus Devin Setoguchi in Kings zone.
3:36 of 3rd period - Wrist shot by Anze Kopitar.
3:36 of 3rd period - Deflect By Kris Versteeg.
3:36 of 3rd period - Stopped by Rick DiPietro without a rebound.
3:37 of 3rd period - Peter Mueller wins face-off versus Anze Kopitar in Blue Jackets zone.
3:59 of 3rd period - Off-side.
4:00 of 3rd period - Cody Eakin wins face-off versus Matt Stajan in neutral zone.
4:26 of 3rd period - A.J Thelen is hit by Gabriel Landeskog and loses puck.
4:39 of 3rd period - Kris Versteeg is hit by Artemi Panarin.
5:29 of 3rd period - Snap shot by Matt Martin.
5:29 of 3rd period - Shot Blocked by A.J Thelen.
5:34 of 3rd period - Ryan Wilson is hit by Nathan MacKinnon and loses puck.
6:05 of 3rd period - Snap shot by Peter Mueller.
6:05 of 3rd period - Stopped by Philipp Grubauer with a rebound.
6:07 of 3rd period - Slapshot by A.J Thelen.
6:07 of 3rd period - Stopped by Philipp Grubauer with a rebound.
6:09 of 3rd period - Snap shot by Peter Mueller.
6:09 of 3rd period - Shot Misses the Net.
7:00 of 3rd period - Snap shot by Artemi Panarin.
7:00 of 3rd period - Shot Misses the Net.
7:02 of 3rd period - Wrist shot by Artemi Panarin.
7:02 of 3rd period - Stopped by Philipp Grubauer with a rebound.
7:04 of 3rd period - Slapshot by Ryan Wilson.
7:04 of 3rd period - Stopped by Philipp Grubauer without a rebound.
7:05 of 3rd period - Anze Kopitar wins face-off versus Pavel Datsyuk in Kings zone.
7:09 of 3rd period - Off-side.
7:10 of 3rd period - Anze Kopitar wins face-off versus Pavel Datsyuk in neutral zone.
7:17 of 3rd period - Off-side.
7:18 of 3rd period - Pavel Datsyuk wins face-off versus Anze Kopitar in neutral zone.
7:44 of 3rd period - Andreas Nodl is hit by Maxim Afinogenov and loses puck.
9:37 of 3rd period - Dan Hamhuis is hit by Branislav Mezei.
9:52 of 3rd period - Icing by Dan Hamhuis.
9:53 of 3rd period - Anze Kopitar wins face-off versus Andreas Nodl in Kings zone.
10:04 of 3rd period - Slapshot by Hampus Lindholm.
10:04 of 3rd period - Stopped by Rick DiPietro with a rebound.
10:08 of 3rd period - Snap shot by Kris Versteeg.
10:08 of 3rd period - Goal by Kris Versteeg - Kings : 2 - Blue Jackets : 4.
10:09 of 3rd period - Anze Kopitar wins face-off versus Derek Boogaard in neutral zone.
10:59 of 3rd period - Snap shot by Max Pacioretty.
10:59 of 3rd period - Shot Blocked by Darnell Nurse.
11:03 of 3rd period - Slapshot by Andreas Nodl.
11:03 of 3rd period - Shot Misses the Net.
11:15 of 3rd period - Minor Penalty to Darnell Nurse for Holding.
11:16 of 3rd period - Pavel Datsyuk wins face-off versus Peter Regin in Kings zone.
13:15 of 3rd period - Penalty to Darnell Nurse is over, Darnell Nurse is back on ice.
13:44 of 3rd period - Maxim Afinogenov is hit by Kevin Porter and loses puck.
14:26 of 3rd period - Off-side.
14:27 of 3rd period - Peter Mueller wins face-off versus Nathan MacKinnon in neutral zone.
14:42 of 3rd period - Wrist shot by Nathan MacKinnon.
14:42 of 3rd period - Shot Misses the Net.
16:00 of 3rd period - Minor Penalty to Radko Gudas for Hooking.
16:01 of 3rd period - Pavel Datsyuk wins face-off versus Peter Regin in Kings zone.
17:27 of 3rd period - Jon Merrill is hit by Cam Fowler and loses puck.
18:00 of 3rd period - Penalty to Radko Gudas is over, Radko Gudas is back on ice.
18:35 of 3rd period - Slapshot by Eric Wellwood.
18:35 of 3rd period - Stopped by Philipp Grubauer with a rebound.
18:37 of 3rd period - Slapshot by Branislav Mezei.
18:37 of 3rd period - Shot Blocked by Maxim Afinogenov.
18:39 of 3rd period - Snap shot by Kevin Porter.
18:39 of 3rd period - Shot Misses the Net.
18:56 of 3rd period - Icing by A.J Thelen.
18:57 of 3rd period - Anze Kopitar wins face-off versus Peter Mueller in Blue Jackets zone.
19:00 of 3rd period - Snap shot by Anze Kopitar.
19:00 of 3rd period - Shot Misses the Net.
19:12 of 3rd period - Wrist shot by Kris Versteeg.
19:12 of 3rd period - Goal by Kris Versteeg - Kings : 3 - Blue Jackets : 4.
19:13 of 3rd period - Anze Kopitar wins face-off versus Pavel Datsyuk in neutral zone.
19:27 of 3rd period - Kings, Philipp Grubauer is pulled from the net.
19:27 of 3rd period - Wrist shot by Kris Versteeg.
19:27 of 3rd period - Shot Misses the Net.
19:39 of 3rd period - Slapshot by Anze Kopitar.
19:39 of 3rd period - Shot Hit the Post.
19:51 of 3rd period - Wrist shot by Pavel Datsyuk.
19:51 of 3rd period - Goal by Pavel Datsyuk - Kings : 3 - Blue Jackets : 5.
19:51 of 3rd period - Philipp Grubauer from Kings was sent back in the game.
19:52 of 3rd period - Cody Eakin wins face-off versus Anze Kopitar in neutral zone.
Goals for this period are 2 for Kings vs 1 for Blue Jackets.
Shots for this period are 5 for Kings vs 6 for Blue Jackets.